 Dungeon Crawl Stone Soup version 0.30.0-10-gfe55d96785 (webtiles) character file.

Game seed: 6937219951018953289

233 Heoruswealwe the Magician (level 5, 0/42 HPs)
             Began as a Deep Elf Earth Elementalist on May 16, 2023.
             Succumbed to a water moccasin's poison
             ... on level 5 of the Dungeon.
             The game lasted 00:15:28 (1053 turns).

Heoruswealwe the Magician (DEEE)                    Turns: 1053, Time: 00:15:28

Health: 0/42       AC: 22    Str:  5    XL:     5   Next: 74%
Magic:  5/15       EV:  2    Int: 22    God:
Gold:   80         SH:  5    Dex: 15    Spells: 10/16 levels left

rFire   . . .        b - +2 dagger (speed)
rCold   . . .        (no shield)
rNeg    . . .        c - melded +0 robe
rPois   +            (helmet currently unavailable)
rElec   .            (cloak currently unavailable)
rCorr   .            (gloves currently unavailable)
SInv    .            (boots currently unavailable)
Will    .....        i - amulet of reflection
Stlth   ++           (no ring)
HPRegen 0.27/turn    (no ring)
MPRegen 0.14/turn

%: reflection
@: lethally poisoned (0 -> -7), tree-form
A: stationary, stasis, torment immunity, boosted hp
a: no special abilities


You were on level 5 of the Dungeon.
You were a tree.
You visited 1 branch of the dungeon, and saw 5 of its levels.

You collected 80 gold pieces.

Inventory:

Hand Weapons
 b - a +2 dagger of speed (weapon)
Armour
 c - a +0 robe (melded)
Jewellery
 i - an amulet of reflection (around neck)
Potions
 a - a potion of magic
 e - a potion of lignification


   Skills:
 - Level 2.4 Dodging
 - Level 2.4 Stealth
 + Level 6.1 Spellcasting
 - Level 1.1 Transmutations
 + Level 5.5 Earth Magic


You had 10 spell levels left.
You knew the following spells:

 Your Spells              Type           Power      Damage    Failure   Level
a - Sandblast             Erth           62%        2d14      1%          1
b - Stone Arrow           Conj/Erth      38%        3d9       9%          3
z - Passwall              Tmut/Erth      17%        N/A       3%          2

Your spell library contained the following spells:

 Spells                   Type           Power      Damage    Failure   Level
 Petrify                  Tmut/Erth      21%        N/A       22%         4


Dungeon Overview and Level Annotations

Branches:
Dungeon (5/15)
 Temple: D:4-7

Altars:


Message History

You feel clever.
Casting: Sandblast (safe; 1% risk of failure)
Confirm with . or Enter, or press ? or * to list all spells.
Aiming: Sandblast (safe; 1% risk of failure)
Press: ? - help, Shift-Dir - straight line, f - water moccasin
Aim: a water moccasin (72% to hit)
The blast of sand hits the water moccasin!
The water moccasin is moderately wounded.
Casting: Sandblast (safe; 1% risk of failure)
Confirm with . or Enter, or press ? or * to list all spells.
Aiming: Sandblast (safe; 1% risk of failure)
Press: ? - help, Shift-Dir - straight line, f/p - water moccasin
Aim: a water moccasin (moderately wounded, 72% to hit)
The blast of sand hits the water moccasin!
The water moccasin is severely wounded.
The water moccasin completely misses you.
The water moccasin bites you.
* * * LOW HITPOINT WARNING * * *
You are lethally poisoned!
The water moccasin poisons you!
Casting: Sandblast (safe; 1% risk of failure)
Confirm with . or Enter, or press ? or * to list all spells.
Aiming: Sandblast (safe; 1% risk of failure)
Press: ? - help, Shift-Dir - straight line, f/p - water moccasin
Aim: a water moccasin (severely wounded, 72% to hit)
The blast of sand hits the water moccasin!
You kill the water moccasin!
* * * LOW HITPOINT WARNING * * *
You feel very sick.
You feel your intelligence returning.
You feel your dexterity returning.
Your Spellcasting skill increases to level 6!
Your Earth Magic skill increases to level 5!
You have reached level 5!
Really quaff the potion of lignification?
You turn into a tree.
Your +0 robe melds into your body.
Your roots penetrate the ground.
* * * LOW HITPOINT WARNING * * *
You feel very sick.
There is a lethal amount of poison in your body!
You die...

...........
..........
..........
#.........
####.........
#....>..[....
#..........?.
##....♣†......
#.....<.......
#.............
#.............
###########...
.. .


There were no monsters in sight!

Vanquished Creatures
  A water moccasin (D:5)
  A black bear (D:5)
  An adder (D:3)
  3 endoplasms (D:1)
  A giant cockroach (D:1)
  3 goblins (D:1)
  A hobgoblin (D:1)
  A kobold (D:1)
  2 quokkas (D:1)
  3 ball pythons
  2 bats (D:1)
  A frilled lizard (D:2)
20 creatures vanquished.

Notes
Turn   | Place    | Note
-------+----------+-------------------------------------------
     0 | D:1      | Heoruswealwe the Deep Elf Earth Elementalist began the
                  | quest for the Orb.
     0 | D:1      | Reached XP level 1. HP: 10/10 MP: 6/6
   223 | D:1      | Reached XP level 2. HP: 15/15 MP: 5/8
   230 | D:1      | Learned a level 2 spell: Passwall
   993 | D:3      | Reached skill level 4 in Spellcasting
   993 | D:3      | Reached XP level 3. HP: 19/19 MP: 7/10
   997 | D:3      | Learned a level 3 spell: Stone Arrow
  1042 | D:5      | Entered Level 5 of the Dungeon
  1042 | D:5      | Noticed a black bear
  1046 | D:5      | Noticed a water moccasin
  1048 | D:5      | Killed a black bear
  1049 | D:5      | Reached skill level 5 in Spellcasting
  1049 | D:5      | Reached XP level 4. HP: 9/24 MP: 7/13
  1051 | D:5      | Killed a water moccasin
  1052 | D:5      | Reached skill level 6 in Spellcasting
  1052 | D:5      | Reached skill level 5 in Earth Magic
  1052 | D:5      | Reached XP level 5. HP: 3/28 MP: 5/15
  1052 | D:5      | HP: 2/42 [poisoned by a water moccasin]
  1053 | D:5      | Succumbed to a water moccasin's poison

Illustrated notes

Levels and vault maps discovered:
D:1:      minmay_arrival_shoal_huts, layout_basic, serial_forest,
          infiniplex_forest_clump_tiny, infiniplex_forest_clump_curved,
          infiniplex_forest_lined_3, infiniplex_forest_end_2,
          infiniplex_forest_clump_double, infiniplex_forest_clump_small,
          infiniplex_forest_split
D:2:      layout_basic, dk_vineyard_3, uniq_sigmund, uniq_terence
D:3:      layout_basic, serial_shops, nicolae_shop_waterfront,
          chequers_serial_rivers_large_a, uniq_jessica
D:4:      layout_layer_cave, makhleb_blood_cavern_becter, uniq_duvessa
D:5:      layout_basic, overflow_temple_1_default, serial_corexii_hall,
          chequers_hall_statues_corner_a, chequers_hall_statues_y, uniq_grinder,
          uniq_pikel

Skill      XL: |  1  2  3  4 |
---------------+-------------+-----
Spellcasting   | 4 5 6 |  6.1
Earth Magic    | 4 5 |  5.5
Dodging        | |  2.4
Stealth        | |  2.4
Transmutations | |  1.1

Action                     |  1- 3 |  4- 6 || total
---------------------------+-------+-------++-------
  Melee: Dagger            |    92 |       ||    92
         Punch             |     1 |       ||     1
   Cast: Sandblast         |    29 |     3 ||    32
    Use: Scroll            |     3 |       ||     3
         Potion            |     2 |     1 ||     3
  Dodge: Dodged            |     3 |     1 ||     4
